 Dungeon Crawl Stone Soup version 0.28.0-53-g5a82cb258f (webtiles) character file.

Game seed: 12354648975009078756

27 Sin92 the Magician (level 2, -4/20 HPs)
             Began as a Demonspawn Hedge Wizard on July 9, 2022.
             Slain by a hobgoblin
             ... wielding a +0 short sword
              (5 damage)
             ... on level 2 of the Dungeon.
             The game lasted 00:02:09 (1218 turns).

Sin92 the Magician (Demonspawn Hedge Wizard)        Turns: 1218, Time: 00:02:10

Health: -4/20      AC:  2    Str: 10    XL:     2   Next: 93%
Magic:  0/6        EV: 12    Int: 15    God:
Gold:   36         SH:  0    Dex: 12    Spells: 6/7 levels left

rFire   . . .      SeeInvis .   a - +0 dagger
rCold   . . .      Faith    .   (no shield)
rNeg    . . .      Spirit   .   b - +0 robe
rPois   .          Reflect  .   c - +0 hat
rElec   .          Harm     .   (no cloak)
rCorr   .          Rampage  .   (no gloves)
Will    .....                   (no boots)
Stlth   ++........              (no amulet)
HPRegen 0.06/turn               (no ring)
MPRegen 0.10/turn               (no ring)

@: no status effects
A: demonic guardian 1
a: no special abilities


You were on level 2 of the Dungeon.
You visited 1 branch of the dungeon, and saw 2 of its levels.

You collected 36 gold pieces.

Inventory:

Hand Weapons
 a - a +0 dagger (weapon)
Armour
 b - a +0 robe (worn)
 c - a +0 hat (worn)
Scrolls
 e - a scroll of teleportation


   Skills:
 + Level 0.7 Fighting
 + Level 0.7 Armour
 + Level 2.0 Dodging
 + Level 2.0 Stealth
 + Level 3.1 Spellcasting
 + Level 1.3 Conjurations
 - Level 1.0 Summonings
 + Level 1.1 Translocations


You had 6 spell levels left.
You knew the following spells:

 Your Spells              Type           Power      Damage    Failure   Level
a - Magic Dart            Conj           24%        1d4       12%         1

Your spell library contained the following spells:

 Spells                   Type           Power      Damage    Failure   Level
 Blink                    Tloc           10%        N/A       19%         2
 Slow                     Hex            8%         N/A       21%         1
 Call Imp                 Summ           5%         N/A       21%         2
 Conjure Flame            Conj/Fire      4%         6-21      41%         3
 Mephitic Cloud           Conj/Pois/Air  3%         N/A       45%         3


Dungeon Overview and Level Annotations

Branches:
Dungeon (2/15)

Altars:


Innate Abilities, Weirdness & Mutations

A weak demonic guardian rushes to your aid.


Message History

The jackal bites you but does no damage.
The orc hits you with a +0 whip.
You hit the jackal.
You kill the jackal!
An adder comes into view.
The orc misses you.
You hit the hobgoblin but do no damage.
The hobgoblin hits you with a +0 short sword.
A demonic guardian appears!
The orc hits you with a +0 whip.
Aiming: Magic Dart (safe; 12% risk of failure)
Press: ? - help, Q - select action Shift-Dir - straight line, f - orc, p - hobgoblin
Aim: an orc, wielding a +0 whip and wearing a +0 leather armour (ally target, 100% to hit)
The magic dart hits the orc but does no damage.
Your ufetubus hits the orc.
Your ufetubus hits the orc but does no damage.
The hobgoblin closely misses you. The orc misses you.
Aiming: Magic Dart (safe; 12% risk of failure)
Press: ? - help, Q - select action Shift-Dir - straight line, f/p - orc
Aim: an orc, wielding a +0 whip and wearing a +0 leather armour (moderately wounded, ally target, 100% to hit)
The magic dart hits the orc but does no damage.
The orc is moderately wounded.
Your ufetubus hits the orc but does no damage.
Your ufetubus barely misses the orc.
The hobgoblin misses you. The orc hits you but does no damage.
Your ufetubus hits the orc but does no damage.
Your ufetubus hits the orc.
You aren't carrying any potions.
You barely miss the hobgoblin.
Your ufetubus hits the orc but does no damage.
Your ufetubus misses the orc.
The hobgoblin hits you with a +0 short sword.
* * * LOW HITPOINT WARNING * * *
The orc barely misses you.
Unknown command.
You closely miss the orc.
The orc is heavily wounded.
Your ufetubus hits the orc but does no damage.
Your ufetubus hits the orc.
The hobgoblin hits you with a +0 short sword.
You die...

#. ... #.† ## ..
#..###. #.# .$.g...
). ..... ##.# ...
#..#
#.###.##########
#.<...).Sg@o5..#
#####.########....#
#...# #.. #)###
...[....# ##......#
#......# #...##..
...#. ##.


You could see an adder, an orc (ally target), a hobgoblin and a friendly
ufetubus (summoned).

Vanquished Creatures
  A dart slug (D:1)
  2 ball pythons (D:1)
  3 endoplasms
  A goblin (D:1)
  3 hobgoblins (D:1)
  2 jackals (D:2)
  4 kobolds
  3 bats
  A frilled lizard (D:1)
  4 rats (D:1)
24 creatures vanquished.

Notes
Turn   | Place    | Note
-------+----------+-------------------------------------------
     0 | D:1      | Sin92 the Demonspawn Hedge Wizard began the quest for the
                  | Orb.
     0 | D:1      | Reached XP level 1. HP: 13/13 MP: 4/4
   160 | D:1      | Reached skill level 1 in Translocations
   375 | D:1      | Gained mutation: A weak demonic guardian rushes to your
                  | aid. [demonic ancestry]
   375 | D:1      | Reached XP level 2. HP: 20/20 MP: 0/6
   564 | D:1      | Found a faded altar of an unknown god.
  1217 | D:2      | HP: 1/20 [hobgoblin/+0 short sword (6)]
  1218 | D:2      | Slain by a hobgoblin

Illustrated notes

Levels and vault maps discovered:
D:1:      arrival_zaba_pyramid, layout_basic,
          hellmonk_ecumenical_altar_arch_garden
D:2:      layout_rooms, uniq_natasha

Skill      XL: |  1  2 |
---------------+-------+-----
Translocations | 1 |  1.1
Stealth        | 2 |  2.0
Dodging        | 2 |  2.0
Fighting       | |  0.7
Armour         | |  0.7
Spellcasting   | |  3.1
Conjurations   | |  1.3
Summonings     | |  1.0

Action                   || total
-------------------------++-------
Melee: Dagger            ||    18
 Cast: Magic Dart        ||    52
  Use: Scroll            ||     2
       Potion            ||     1
Armor: Robe              ||     6
Dodge: Dodged            ||    19
